 Dungeon Crawl Stone Soup version 0.30-a0-918-g0ff054e9dc (webtiles) character file.

Game seed: 2612471942197276274

6 jasper the Charlatan (level 1, -3/14 HPs)
             Began as a Demonspawn Wanderer on Mar 20, 2023.
             Slain by a gnoll
             ... wielding a +0 club
              (5 damage)
             ... on level 1 of the Dungeon.
             The game lasted 00:00:30 (107 turns).

jasper the Charlatan (Demonspawn Wanderer)           Turns: 107, Time: 00:00:30

Health: -3/14      AC:  2    Str: 10    XL:     1   Next: 75%
Magic:  1/2        EV: 11    Int: 16    God:
Gold:   24         SH:  0    Dex: 11    Spells: 1/2 levels left

rFire   . . .      SeeInvis .    a - +3 sling
rCold   . . .      Faith    .    (no shield)
rNeg    . . .      Spirit   .    d - +0 robe
rPois   .          Reflect  .    (no helmet)
rElec   .          Rampage  .    (no cloak)
rCorr   .                        (no gloves)
Will    .....                    (no boots)
Stlth   +                        (no amulet)
HPRegen 0.22/turn                (no ring)
MPRegen 0.08/turn                (no ring)

@: no status effects
A: no striking features
a: no special abilities


You were on level 1 of the Dungeon.
You visited 1 branch of the dungeon, and saw 1 of its levels.

You collected 24 gold pieces.

Inventory:

Hand Weapons
 a - a +3 sling (weapon)
Armour
 d - a +0 robe (worn)
Scrolls
 f - a scroll of enchant armour {unknown}
Potions
 c - a potion of haste
 e - a potion of flight {unknown}
Miscellaneous
 b - a piece from Xom's chessboard (15/15)


   Skills:
 + Level 0.4 Fighting
 * Level 2.1 Ranged Weapons
 + Level 1.1 Armour
 - Level 1.0 Spellcasting
 - Level 2.6 Ice Magic
 - Level 3.0 Evocations


You had one spell level left.
You knew the following spells:

 Your Spells              Type           Power      Damage    Failure   Level
a - Freeze                Ice            36%        1d5       8%          1

Your spell library contained the following spells:

 Spells                   Type           Power      Damage    Failure   Level
 Hailstorm                Conj/Ice       5%         3d4       36%         3


Dungeon Overview and Level Annotations

Branches:
Dungeon (1/15)

Altars:


Message History

A gnoll and a kobold come into view.
Fire: a) +3 sling
Press: ? - help, Q - select action, (/) - cycle Shift-Dir - straight line, f - gnoll
Aim: a gnoll, wielding a +0 club (61% to hit)
You shoot a sling bullet. The sling bullet hits the gnoll.
The gnoll is lightly wounded.
The kobold shouts!
Fire: a) +3 sling
Press: ? - help, Q - select action, (/) - cycle Shift-Dir - straight line, f/p - gnoll
Aim: a gnoll, wielding a +0 club (lightly wounded, 61% to hit)
You shoot a sling bullet.
The sling bullet barely misses the gnoll.
The sling bullet hits the plant.
The plant begins to die.
The plant is lightly damaged.
Fire: a) +3 sling
Press: ? - help, Q - select action, (/) - cycle Shift-Dir - straight line, f/p - gnoll
Aim: a gnoll, wielding a +0 club (lightly wounded, 61% to hit)
You shoot a sling bullet.
The sling bullet barely misses the gnoll.
The gnoll hits you with a +0 club!
Ouch! That really hurt!
You take 7 damage, and have 7/14 hp.
MASSIVE DAMAGE!!
Fire: a) +3 sling
Press: ? - help, Q - select action, (/) - cycle Shift-Dir - straight line, f/p - gnoll
Aim: a gnoll, wielding a +0 club (lightly wounded, 61% to hit)
You shoot a sling bullet. The sling bullet hits the gnoll.
The gnoll is heavily wounded.
A nearby plant withers and dies.
The gnoll barely misses you. The gnoll hits you with a +0 club.
* * * LOW HITPOINT WARNING * * *
You take 5 damage, and have 2/14 hp.
MASSIVE DAMAGE!!
Casting: Freeze (safe; 8% risk of failure)
Confirm with . or Enter, or press ? or * to list all spells.
Aiming: Freeze (safe; 8% risk of failure)
Press: ? - help, Shift-Dir - straight line, f/p - gnoll
Aim: a gnoll, wielding a +0 club (heavily wounded)
You freeze the gnoll.
The gnoll is heavily wounded.
The gnoll hits you with a +0 club.
You die...

P.P..^P ...P... ## P....PP ..
..PP.P #.# .... #.. ##..# #..
###gK.# #.###..@# ### #.....#.#
... ###.....# #.# ##..#....# #.#
###..##......##.#
#...###....####.#######
######.####..#..##.........##
###............#>.#.....#.....##
.........#####.#.......###.....##


You could see a gnoll and a kobold.

Vanquished Creatures
  2 bats (D:1)
  An endoplasm (D:1)
  A quokka (D:1)
  A ball python (D:1)
5 creatures vanquished.

Vanquished Creatures (others)
  A plant (D:1)
1 creature vanquished.

Grand Total: 6 creatures vanquished

Notes
Turn   | Place    | Note
-------+----------+-------------------------------------------
     0 | D:1      | jasper the Demonspawn Wanderer began the quest for the Orb.
     0 | D:1      | jasper set off with the following items: a +2 sling, a
                  | piece from Xom's chessboard (15/15), a potion of haste, a
                  | +0 robe; and the following spell memorised: Freeze; and the
                  | following spells available to memorise: Hailstorm.
     0 | D:1      | Reached XP level 1. HP: 13/13 MP: 2/2
   107 | D:1      | Slain by a gnoll

Illustrated notes

Levels and vault maps discovered:
D:1:      onia_arrival_pyramid, layout_rooms, hellmonk_ecumenical_altar_run_dry,
          st_stairs_3, nicolae_grassy_gnolls

Skill      XL: |  1 |
---------------+----+-----
Ranged Weapons | 2 |  2.1
Fighting       | |  0.4
Armour         | |  1.1
Spellcasting   | |  1.0
Ice Magic      | |  2.6
Evocations     | |  3.0

Action                     || total
---------------------------++-------
   Fire: Sling             ||    23
   Cast: Freeze            ||     1
    Use: Scroll            ||     1
 Armour: Robe              ||    10
  Dodge: Dodged            ||    21

Table legend: (Time is in decaauts)
 A = Elapsed time spent in this place.
 B = Non-inter-level travel time spent in this place.
 C = Inter-level travel time spent in this place.
 D = Time resting spent in this place.
 E = Time spent auto-exploring this place.
 F = Levels seen in this place.
 G = Mean time per level.
                   A        B        C        D        E       F      G
               +--------+--------+--------+--------+--------+-----+--------+
         Total |    114 |    114 |      0 |      0 |     72 |   1 |  114.0 |
       Dungeon |    114 |    114 |      0 |      0 |     72 |   1 |  114.0 |
               +--------+--------+--------+--------+--------+-----+--------+

Top non-repeatable levels by time:
     D:1: 114 daAuts
